 Dungeon Crawl Stone Soup version 0.26.1-11-gd32895ea62 (webtiles) character file.

Game seed: 10194791494839321921

2125 Almogavar the Thaumaturge (level 9, 0/65 HPs)
             Began as a Gnoll Wanderer on July 11, 2021.
             Was a Follower of Okawaru.
             Killed from afar by Dowan (7 damage)
             ... with a stone arrow
             ... on level 7 of the Dungeon.
             The game lasted 00:37:49 (10093 turns).

Almogavar the Thaumaturge (Gnoll Wanderer)         Turns: 10093, Time: 00:37:50

Health: 0/65       AC:  5    Str: 23    XL:     9   Next: 29%
Magic:  0/23       EV: 14    Int: 14    God:    Okawaru [*.....]
Gold:   321        SH:  0    Dex: 16    Spells: 26/28 levels left

rFire    . . .     SeeInvis .   k - +5 falchion of Dissent {drain, rElec Str+3}
rCold    . . .     Faith    .   (no shield)
rNeg     . . .     Spirit   +   e - +0 robe
rPois    +         Reflect  .   F - +0 hat
rElec    +         Harm     .   (no cloak)
rCorr    +         Rampage  .   t - +0 pair of gloves
Will     +....                  l - +1 pair of boots
Stlth    +++.......             d - amulet of guardian spirit
HPRegen  0.20/turn              P - ring of resist corrosion
MPRegen  0.18/turn              Q - ring "Asholeki" {rPois Will+ Str+3}

@: no status effects
A: distributed training, fangs 1, strong nose
a: Renounce Religion, Heroism


You were on level 7 of the Dungeon.
You worshipped Okawaru.
Okawaru was aware of your devotion.
You visited 2 branches of the dungeon, and saw 8 of its levels.

You collected 321 gold pieces.

Inventory:

Hand Weapons
 a - a +2 dagger
 h - a +1 hunting sling
 k - the +5 falchion of Dissent (weapon) {drain, rElec Str+3}
   (You found it on level 4 of the Dungeon)

   A truly terrible weapon, it drains the life of those it strikes.
   It affects your strength (+3).
   It insulates you from electricity.
 J - a +5 flail of holy wrath
Missiles
 i - 24 poisoned darts (quivered)
 o - 75 sling bullets
 u - 201 stones
 A - 6 boomerangs
 E - 2 javelins
 G - 72 arrows
 I - 21 bolts
Armour
 e - a +0 robe (worn)
 l - a +1 pair of boots (worn)
 n - a +0 ring mail
 p - a +0 scale mail
 q - a +0 leather armour
 t - a +0 pair of gloves (worn)
 y - a +0 kite shield
 D - a +0 buckler
 F - a +0 hat (worn)
Jewellery
 d - an amulet of guardian spirit (around neck)
 f - an uncursed amulet of faith
 P - a ring of resist corrosion (left hand)
 Q - the ring "Asholeki" (right hand) {rPois Will+ Str+3}
   (You found it on level 6 of the Dungeon)

   [ring of poison resistance]

   It affects your strength (+3).
   It protects you from poison.
   It affects your willpower, your defense against some magical effects.
Wands
 B - a wand of disintegration (16)
 L - a wand of digging (11)
Scrolls
 g - 2 scrolls of magic mapping
 j - 6 scrolls of remove curse
 s - 2 scrolls of amnesia
 H - 3 scrolls of enchant weapon
 M - a scroll of enchant armour {unknown}
 N - a scroll of brand weapon {unknown}
 O - a scroll of identify
Potions
 b - a potion of berserk rage
 c - 2 potions of curing
 m - 2 potions of brilliance
 r - a potion of heal wounds
 v - 4 potions of flight {unknown}
 w - 2 potions of might
 x - 2 potions of haste {unknown}
 z - a potion of resistance {unknown}
 C - 3 potions of lignification {unknown}
 K - a potion of degeneration {unknown}


   Skills:
 + Level 4.1 Fighting
 + Level 4.1 Short Blades
 + Level 4.1 Long Blades
 + Level 4.1 Axes
 + Level 4.1 Maces & Flails
 + Level 4.1 Polearms
 + Level 4.1 Staves
 + Level 4.1 Slings
 + Level 4.1 Bows
 + Level 4.1 Crossbows
 + Level 4.1 Throwing
 + Level 4.1 Armour
 + Level 4.1 Dodging
 + Level 4.8 Stealth
 + Level 4.1 Shields
 + Level 4.1 Unarmed Combat
 + Level 10.1 Spellcasting
 + Level 3.3 Conjurations
 + Level 3.3 Hexes
 + Level 3.3 Summonings
 + Level 5.1 Necromancy
 + Level 4.0 Translocations
 + Level 3.3 Transmutations
 + Level 4.0 Fire Magic
 + Level 3.3 Ice Magic
 + Level 3.3 Air Magic
 + Level 3.3 Earth Magic
 + Level 3.3 Poison Magic
 + Level 4.5 Invocations
 + Level 4.9 Evocations


You had 26 spell levels left.
You knew the following spells:

 Your Spells              Type           Power        Failure   Level
a - Summon Small Mammal   Summ           64%          2%          1
b - Foxfire               Conj/Fire      68%          2%          1

Your spell library contained the following spells:

 Spells                   Type           Power        Failure   Level
 Conjure Flame            Conj/Fire      17%          7%          3
 Inner Flame              Hex/Fire       17%          7%          3
 Call Canine Familiar     Summ           16%          8%          3
 Sticky Flame             Conj/Fire      17%          22%         4
 Fireball                 Conj/Fire      8%           52%         5


Dungeon Overview and Level Annotations

Branches:
Dungeon (7/15)             Temple (1/1) D:5

Altars:
Ashenzari
Cheibriados
Elyvilon
Fedhas
Gozag
Hepliaklqana
Kikubaaqudgha
Makhleb
Nemelex Xobeh
Okawaru
Qazlal
Ru
Sif Muna
Trog
Uskayaw
Vehumet
Wu Jian
Xom
Yredelemnul
Zin
The Shining One

Annotations:
D:3 Grinder
D:7 Dowan


Innate Abilities, Weirdness & Mutations

Your experience applies equally to all skills.
You have very sharp teeth.
Your uncanny sense of smell can sniff out nearby items.


Message History

Dowan is heavily wounded.
Dowan hits you with a +0 dagger.
* * * LOW HITPOINT WARNING * * *
Dowan hits you with a +0 dagger.
* * * LOW HITPOINT WARNING * * *
You hit Dowan.
Dowan is severely wounded.
Dowan hits you with a +0 dagger.
* * * LOW HITPOINT WARNING * * *
You barely miss Dowan.
Dowan is severely wounded.
Dowan misses you.
You riposte.
You miss Dowan.
Dowan is severely wounded.
Dowan casts a spell at you. The shard of ice misses you.
You completely miss Dowan.
Dowan is severely wounded.
Dowan casts a spell at you. The stone arrow hits you!
You die...

.....#+###.### ###.....# .#
......# ..#.....# # ......#
..'.....# ∆ ......#
..#.....# ......#
.##.....#############......#
.######.....................
......#.........†......)....
......+........e@...........
#######.....................
............##+#####+##.....
............# ....
............# ...
............# ∆ ..
############# . # #


You could see Dowan (fast, drained).

Vanquished Creatures
  Pikel (D:6)
  Menkaure (D:6)
  Edmund (D:6)
  Duvessa (D:7)
  An orc warrior (D:6)
  A sky beast (D:7)
  2 centaurs (D:5)
  3 ogres
  A gnoll sergeant (D:6)
  A scorpion (D:5)
  3 jellies
  A water moccasin skeleton (D:4)
  2 hounds (D:5)
  3 orc priests
  An orc wizard (D:5)
  Jessica (D:3)
  A hound zombie (D:7)
  A howler monkey zombie (D:6)
  7 gnolls
  8 adders
  2 ufetubi
  A worm (D:3)
  2 dart slugs (D:1)
  4 leopard geckos
  12 orcs
  A ball python (D:3)
  3 giant cockroaches
  3 hobgoblins
  7 jackals
  A quokka (D:3)
  3 bats (D:1)
  3 frilled lizards
  3 kobolds
  4 rats
90 creatures vanquished.

Vanquished Creatures (collateral kills)
  A bullfrog (D:6)
  A gnoll (D:3)
  3 adders
  An ufetubus (D:5)
  7 orcs
  4 goblins
  2 jackals (D:3)
  3 quokkas
  3 frilled lizards
  2 kobolds
  2 rats
29 creatures vanquished.

Vanquished Creatures (others)
  97 foxfires
  2 plants (D:5)
99 creatures vanquished.

Grand Total: 218 creatures vanquished

Notes
Turn   | Place    | Note
-------+----------+-------------------------------------------
     0 | D:1      | Reached skill level 9 in Spellcasting
     0 | D:1      | Almogavar the Gnoll Wanderer began the quest for the Orb.
     0 | D:1      | Almogavar set off with the following items: a +2 dagger, a
                  | potion of berserk rage, a scroll of teleportation, a +0
                  | robe; and the following spell memorised: Summon Small
                  | Mammal; and the following spells available to memorise:
                  | Call Canine Familiar
     0 | D:1      | Reached XP level 1. HP: 13/13 MP: 10/10
   577 | D:1      | Reached XP level 2. HP: 19/19 MP: 10/12
  1347 | D:2      | Found a stormy altar of Qazlal.
  1478 | D:2      | Reached XP level 3. HP: 17/25 MP: 10/13
  2037 | D:2      | Reached skill level 1 in Invocations
  2579 | D:3      | Reached skill level 1 in Fighting
  2579 | D:3      | Reached skill level 1 in Short Blades
  2579 | D:3      | Reached skill level 1 in Long Blades
  2579 | D:3      | Reached skill level 1 in Axes
  2579 | D:3      | Reached skill level 1 in Maces & Flails
  2579 | D:3      | Reached skill level 1 in Polearms
  2579 | D:3      | Reached skill level 1 in Staves
  2579 | D:3      | Reached skill level 1 in Slings
  2579 | D:3      | Reached skill level 1 in Bows
  2579 | D:3      | Reached skill level 1 in Crossbows
  2579 | D:3      | Reached skill level 1 in Throwing
  2579 | D:3      | Reached skill level 1 in Armour
  2579 | D:3      | Reached skill level 1 in Dodging
  2579 | D:3      | Reached skill level 1 in Shields
  2579 | D:3      | Reached skill level 1 in Unarmed Combat
  2883 | D:3      | Reached XP level 4. HP: 22/32 MP: 12/15
  3117 | D:3      | Noticed Grinder
  3534 | D:3      | Reached skill level 1 in Conjurations
  3534 | D:3      | Reached skill level 1 in Hexes
  3534 | D:3      | Reached skill level 1 in Summonings
  3534 | D:3      | Reached skill level 1 in Transmutations
  3534 | D:3      | Reached skill level 1 in Ice Magic
  3534 | D:3      | Reached skill level 1 in Air Magic
  3534 | D:3      | Reached skill level 1 in Earth Magic
  3534 | D:3      | Reached skill level 1 in Poison Magic
  3927 | D:3      | Reached XP level 5. HP: 27/37 MP: 11/16
  4484 | D:3      | Noticed Jessica
  4502 | D:3      | Killed Jessica
  5068 | D:4      | Noticed an ogre
  5093 | D:4      | Killed an ogre
  5094 | D:4      | Reached XP level 6. HP: 44/44 MP: 15/18
  6005 | D:4      | Got a warped falchion
  6006 | D:4      | Identified the +5 falchion of Dissent {drain, rElec Str+3}
                  | (You found it on level 4 of the Dungeon)
  6209 | D:5      | Entered Level 5 of the Dungeon
  6313 | D:5      | HP: 2/44 [centaur (5)]
  6315 | D:5      | Reached XP level 7. HP: 2/50 MP: 1/20
  7544 | D:5      | Found a staircase to the Ecumenical Temple.
  7553 | Temple   | Entered the Ecumenical Temple
  7620 | Temple   | Became a worshipper of Warmaster Okawaru
  7668 | D:5      | Learned a level 1 spell: Foxfire
  7738 | D:5      | Found a glowing golden altar of the Shining One.
  7742 | D:5      | Found a sacrificial altar of Ru.
  7748 | D:5      | Found an ornate altar of the Wu Jian Council.
  7761 | D:5      | Found a radiant altar of Vehumet.
  7764 | D:5      | Found a snail-covered altar of Cheibriados.
  8051 | D:6      | Noticed Edmund
  8059 | D:6      | Killed Edmund
  8060 | D:6      | Reached XP level 8. HP: 43/57 MP: 10/21
  8453 | D:6      | Found a white marble altar of Elyvilon.
  8453 | D:6      | Found a stormy altar of Qazlal.
  8895 | D:6      | Found a blossoming altar of Fedhas.
  8999 | D:6      | Noticed Pikel
  9022 | D:6      | Killed Pikel
  9022 | D:6      | Reached * piety under Okawaru
  9023 | D:6      | Reached skill level 10 in Spellcasting
  9293 | D:6      | Noticed Menkaure
  9301 | D:6      | Killed Menkaure
  9302 | D:6      | Reached skill level 5 in Necromancy
  9302 | D:6      | Reached XP level 9. HP: 51/65 MP: 15/23
  9621 | D:6      | Got a vibrating iron ring
  9622 | D:6      | Identified the ring "Asholeki" {rPois Will+ Str+3} (You
                  | found it on level 6 of the Dungeon)
 10051 | D:7      | Noticed Duvessa
 10051 | D:7      | Noticed Dowan
 10080 | D:7      | Killed Duvessa
 10088 | D:7      | HP: 2/65 [Dowan/shard of ice (13)]
 10093 | D:7      | Killed from afar by Dowan

Illustrated notes

Levels and vault maps discovered:
D:1:      wander_arrival_desolate, layout_loops_ring
D:2:      layout_loops_cross, nicolae_qazlal_general_emergency
D:3:      layout_basic, chequers_serial_rivers_large_a, uniq_grinder,
          uniq_jessica
D:4:      minmay_chambers_of_threes, layout_loops_ring
D:5:      layout_basic, minmay_overflow_temple_star_hex,
          minmay_temple_entry_overgrown
D:6:      layout_basic, gammafunk_temple_overflow_pools, grunt_decor_clamped,
          fedhas_altar_4, uniq_pikel, uniq_edmund, uniq_menkaure
D:7:      layout_gridville, uniq_duvessa
Temple:   nicolae_temple_great_sept

Skill      XL: |  1  2  3  4  5  6  7  8  9 |
---------------+----------------------------+-----
Spellcasting   | 10 | 10.1
Translocations | 2 3 4 |  4.0
Fire Magic     | 2 3 4 |  4.0
Invocations    | 1 2 3 4 |  4.5
Fighting       | 1 2 3 4 |  4.1
Short Blades   | 1 2 3 4 |  4.1
Long Blades    | 1 2 3 4 |  4.1
Axes           | 1 2 3 4 |  4.1
Maces & Flails | 1 2 3 4 |  4.1
Polearms       | 1 2 3 4 |  4.1
Staves         | 1 2 3 4 |  4.1
Slings         | 1 2 3 4 |  4.1
Bows           | 1 2 3 4 |  4.1
Crossbows      | 1 2 3 4 |  4.1
Throwing       | 1 2 3 4 |  4.1
Armour         | 1 2 3 4 |  4.1
Dodging        | 1 2 3 4 |  4.1
Shields        | 1 2 3 4 |  4.1
Unarmed Combat | 1 2 3 4 |  4.1
Conjurations   | 1 2 3 |  3.3
Hexes          | 1 2 3 |  3.3
Summonings     | 1 2 3 |  3.3
Transmutations | 1 2 3 |  3.3
Ice Magic      | 1 2 3 |  3.3
Air Magic      | 1 2 3 |  3.3
Earth Magic    | 1 2 3 |  3.3
Poison Magic   | 1 2 3 |  3.3
Evocations     | 3 4 |  4.9
Necromancy     | 4 5 |  5.1
Stealth        | 3 4 |  4.8

Action                   |  1- 3 |  4- 6 |  7- 9 || total
-------------------------+-------+-------+-------++-------
Melee: Dagger            |    95 |    64 |       ||   159
       Bite              |     9 |    12 |    14 ||    35
       Punch             |       |     3 |     5 ||     8
       Falchion          |       |     5 |    81 ||    86
Throw: Dart              |       |    47 |       ||    47
       Javelin           |       |     2 |       ||     2
       Stone             |       |     1 |       ||     1
 Cast: Summon Small Mamm |    54 |   120 |    37 ||   211
       Foxfire           |       |       |    58 ||    58
  Use: Scroll            |     1 |     6 |     3 ||    10
       Potion            |       |       |     3 ||     3
 Stab: Distracted        |       |     1 |       ||     1
       Sleeping          |       |       |     2 ||     2
Armor: Robe              |    31 |    10 |    21 ||    62
Dodge: Dodged            |    76 |    71 |   107 ||   254
       Rpst.: Falchion   |       |     3 |    37 ||    40
